 Dungeon Crawl Stone Soup version 0.22-a0-482-g76e0a5f (webtiles) character file.

39 epen the Skirmisher (level 3, -11/23 HPs)
             Began as a Gargoyle Monk on June 17, 2018.
             Mangled by an ogre
             ... wielding a +0 giant spiked club
              (19 damage)
             ... on level 2 of the Dungeon.
             The game lasted 00:01:33 (1706 turns).

epen the Skirmisher (Gargoyle Monk)                 Turns: 1706, Time: 00:01:34

Health: -11/23     AC:  8    Str: 15    XL:     3   Next: 47%
Magic:  3/3        EV: 11    Int: 10    God:
Gold:   115        SH:  0    Dex: 12    Spells: 2/2 levels left

rFire    . . .     SeeInvis .   a - +0 mace
rCold    . . .     Gourm    .   (no shield)
rNeg     + . .     Faith    .   i - +0 ring mail
rPois    ∞         Spirit   .   (no helmet)
rElec    +         Reflect  .   (no cloak)
rCorr    .         Harm     .   (no gloves)
MR       .....                  (no boots)
Stlth    +.........             (no amulet)
HPRegen  0.07/turn              (no ring)
MPRegen  0.08/turn              (no ring)

@: no status effects
A: negative energy resistance 1, electricity resistance, unbreathing,
petrification resistance, rot immunity, AC +3
a: no special abilities


You were on level 2 of the Dungeon.
You were hungry.

You visited 1 branch of the dungeon, and saw 2 of its levels.

You collected 115 gold pieces.

Inventory:

Hand Weapons
 a - a +0 mace (weapon)
Armour
 b - a +0 robe
 i - a +0 ring mail (worn)
Scrolls
 d - a scroll of amnesia {unknown}
 f - 3 scrolls of identify {unknown}
 h - a scroll of magic mapping {unknown}
 l - a scroll of immolation {unknown}
 n - a scroll of enchant weapon {unknown}
Potions
 e - a potion of agility {unknown}
 g - a potion of curing {unknown}
 j - a potion of mutation {unknown}
 k - 2 potions of brilliance {unknown}
Comestibles
 c - a ration
 m - 4 chunks of flesh


   Skills:
 + Level 3.6 Fighting
 * Level 3.6 Maces & Flails
 + Level 1.2 Armour
 + Level 2.7 Dodging
 - Level 2.1 Stealth


You had 2 spell levels left.
You didn't know any spells.
Your spell library was empty.

Dungeon Overview and Level Annotations

Branches:
Dungeon (2/15)

Altars:


Innate Abilities, Weirdness & Mutations

You are resistant to torment.
Your stone body is resilient. (AC +3)
You are immune to poison.
You resist negative energy. (rN+)
You are resistant to electric shocks. (rElec)
You can survive without breathing.
You are immune to petrification.
You are immune to rotting.


Message History

a dagger; a goblin corpse
n - a scroll labeled PIAXTO FISE You now have 115 gold pieces (gained 11).
An ogre comes into view. It is wielding a giant spiked club.
An ogre is nearby!
The ogre shouts!
A dart slug comes into view.
You closely miss the ogre. The ogre hits you but does no damage.
Your ring mail prevents you from hitting the ogre.
The ogre hits you with a giant spiked club!!
Ouch! That really hurt!
* * * LOW HITPOINT WARNING * * *
You are too injured to fight recklessly!
You are feeling hungry.
You hit the dart slug.
The dart slug is moderately wounded.
The dart slug bites you but does no damage.
The ogre hits you with a giant spiked club!!
Ouch! That really hurt!
You die...

$............#.....#.............
.............#.....#.............
.............#.....#.#...........
.............#...................
#.........)..#................#..
.........†.....###....<......##.#
...............#..........>...(.#
.....w.........#w#.#)#......##.).
........#......#@#.#.#.......#.##
........#......#O#.#.###.#.....#.
........#......#.#...# #.#.......
........#......#.#.### #.#.......
...######......#.#######.########
...# #......#.........# # ...#
#......########### # ... #......#
# .. #


You could see an ogre and a dart slug.

Vanquished Creatures
  An adder (D:2)
  2 dart slugs (D:1)
  9 bats
  3 giant cockroaches
  3 goblins
  A hobgoblin (D:2)
  2 kobolds
  A quokka (D:2)
  A frilled lizard (D:1)
23 creatures vanquished.

Notes
Turn   | Place    | Note
-------+----------+-------------------------------------------
     0 | D:1      | epen the Gargoyle Monk began the quest for the Orb.
     0 | D:1      | Reached XP level 1. HP: 14/14 MP: 1/1
   272 | D:1      | Reached XP level 2. HP: 12/19 MP: 2/2
  1271 | D:2      | Reached skill level 1 in Armour
  1271 | D:2      | Reached XP level 3. HP: 10/23 MP: 3/3
  1660 | D:2      | Noticed an ogre
  1706 | D:2      | Mangled by an ogre

Vault maps used:
D:1:      dpeg_arrival_pond
D:2:      minmay_tromino_v4_a

Skill      XL: |  1  2 |
---------------+-------+-----
Armour         | 1 |  1.2
Fighting       | |  3.6
Maces & Flails | |  3.6
Dodging        | |  2.7
Stealth        | |  2.1

Action                   || total
-------------------------++-------
Melee: Mace              ||    87
  Eat: Chunk             ||     2
Armor: Robe              ||    20
       Ring mail         ||    58
Dodge: Dodged            ||   105

Table legend:
 A = Spawn XP
 B = Non-spawn XP
 C = Spawn XP percentage of total XP
 D = Spawn monster count
 E = Non-spawn monster count
 F = Spawn count percentage of total count
 G = Total turns spent on level
                    A         B        C        D         E        F      G
               +---------+---------+-------+---------+---------+-------+---------
         Total |       0 |      57 |   0.0 |       0 |      23 |   0.0 |  1706
               +---------+---------+-------+---------+---------+-------+---------
           D:1 |       0 |      25 |   0.0 |       0 |      12 |   0.0 |  1209
           D:2 |       0 |      32 |   0.0 |       0 |      11 |   0.0 |   497
               +---------+---------+-------+---------+---------+-------+---------
